 Dungeon Crawl Stone Soup version 0.29.1-4-g47bece8355 (webtiles) character file.

Game seed: 13796993521663761052

221 safid the Shooter (level 5, -2/48 HPs)
             Began as a Minotaur Hunter on Dec 5, 2022.
             Slain by a river rat (8 damage)
             ... in a sewer.
             The game lasted 00:05:22 (2047 turns).

safid the Shooter (Minotaur Hunter)                 Turns: 2047, Time: 00:05:22

Health: -2/48      AC:  3    Str: 15    XL:     5   Next: 65%
Magic:  4/4        EV: 12    Int:  6    God:
Gold:   64         SH:  0    Dex: 16    Spells: 4/4 levels left

rFire   . . .      SeeInvis .   a - +0 shortbow
rCold   . . .      Faith    .   (shield currently unavailable)
rNeg    . . .      Spirit   .   c - +0 leather armour
rPois   .          Reflect  .   (helmet restricted)
rElec   .          Harm     .   (no cloak)
rCorr   .          Rampage  .   (no gloves)
Will    .....                   (no boots)
Stlth   +.........              (no amulet)
HPRegen 0.16/turn               (no ring)
MPRegen 0.09/turn               (no ring)

@: no status effects
A: horns 2, retaliatory headbutt
a: no special abilities


You were in a sewer.
You visited 1 branch of the dungeon, and saw 3 of its levels.
You also visited: Sewer.

You collected 90 gold pieces.
You spent 26 gold pieces at shops.

Inventory:

Hand Weapons
 a - a +0 shortbow (weapon)
Armour
 c - a +0 leather armour (worn)
Jewellery
 i - a ring of ice
Scrolls
 b - 2 scrolls of immolation
 d - 3 scrolls of teleportation {unknown}
 j - a scroll of butterflies {unknown}
 l - a scroll of identify
 n - a scroll of brand weapon {unknown}
 o - 2 scrolls of enchant weapon {unknown}
 p - a scroll of blinking {unknown}
 q - a scroll of fear {unknown}
Potions
 e - a potion of magic {unknown}
 f - 2 potions of mutation
 g - 3 potions of haste {unknown}
 h - 3 potions of attraction {unknown}
 k - 3 potions of heal wounds {unknown}
 m - a potion of berserk rage {unknown}


   Skills:
 + Level 5.3 Fighting
 + Level 6.2 Ranged Weapons
 - Level 2.1 Dodging
 - Level 0.7 Stealth


You had 4 spell levels left.
You didn't know any spells.
Your spell library contained the following spells:

 Spells                   Type           Power      Damage    Failure   Level
 Magic Dart               Conj           0%         1d3       52%         1
 Shock                    Conj/Air       0%         1d3       52%         1
 Searing Ray              Conj           0%         2d4       67%         2
 Swiftness                Air            0%         N/A       88%         3
 Airstrike                Air            0%         2d(0-16)  99%         4
 Fulminant Prism          Conj/Hex       0%         3d6       99%         4
 Iskenderun's Mystic Bla  Conj/Tloc      0%         2d3       99%         4
 Lee's Rapid Deconstruct  Erth           0%         3d5*      100%        5
 Summon Forest            Summ/Tloc      0%         N/A       100%        5
 Summon Mana Viper        Hex/Summ       0%         N/A       100%        5
 Summon Cactus Giant      Summ           0%         N/A       100%        6


Dungeon Overview and Level Annotations

Branches:
Dungeon (3/15)              Sewer (1/1)

Altars:

Shops:
D:1 ((   D:2 ?

Annotations:
D:3 1 runed translucent door, kamileon1's ghost, amateur FoTm


Innate Abilities, Weirdness & Mutations

You have a pair of horns on your head.
You reflexively headbutt those who attack you in melee.


Message History

Unknown command.
Fire: a) +0 shortbow
Press: ? - help, Q - select action Shift-Dir - straight line, f/p - river rat
Aim: a river rat (severely wounded, 62% to hit)
You shoot an arrow. The arrow barely misses the river rat.
The river rat closely misses you. The river rat bites you.
Unknown command.
Fire: a) +0 shortbow
Press: ? - help, Q - select action Shift-Dir - straight line, f/p - river rat
Aim: a river rat (severely wounded, 62% to hit)
You shoot an arrow. The arrow hits the river rat!
You kill the river rat!
The river rat barely misses you. The river rat bites you.
Fire: a) +0 shortbow
Press: ? - help, Q - select action Shift-Dir - straight line, f - river rat
Aim: a river rat (62% to hit)
You shoot an arrow. The arrow hits the river rat.
The river rat is lightly wounded.
The river rat bites you.
* * * LOW HITPOINT WARNING * * *
Fire: a) +0 shortbow
Press: ? - help, Q - select action Shift-Dir - straight line, f/p - river rat
Aim: a river rat (lightly wounded, 62% to hit)
You shoot an arrow. The arrow hits the river rat.
The river rat is severely wounded.
The river rat bites you.
* * * LOW HITPOINT WARNING * * *
Fire: a) +0 shortbow
Press: ? - help, Q - select action Shift-Dir - straight line, f/p - river rat
Aim: a river rat (heavily wounded, 62% to hit)
You shoot an arrow. The arrow closely misses the river rat.
The river rat bites you.
* * * LOW HITPOINT WARNING * * *
Fire: a) +0 shortbow
Press: ? - help, Q - select action Shift-Dir - straight line, f/p - river rat
Aim: a river rat (heavily wounded, 62% to hit)
You shoot an arrow. The arrow hits the river rat.
The river rat is severely wounded.
The river rat bites you!
You die...

###..####.≈.#
#.#..#.##.≈~#
#.'..'.##~≈~#
#.†..'.##~≈.#
#.#..#!##~≈~#
###..####~≈~#
#..# #~≈~#
#..# #~≈~#
#.@# #~≈~#
+†.r.##~≈.#
+..'.##~≈~#
#..#.##~≈~#
#..####~≈~#
#..# #~≈.#
#∩∩# #~≈.#
#### #†≈~#
#.≈.#


You could see a river rat.

Vanquished Creatures
  Robin (D:2)
  8 adders
  4 river rats
  8 worms
  2 dart slugs
  An orc (D:3)
  4 bats
  5 endoplasms
  3 giant cockroaches
  16 goblins
  5 hobgoblins
  2 quokkas
  6 ball pythons
  5 frilled lizards
  4 kobolds
  8 rats
82 creatures vanquished.

Notes
Turn   | Place    | Note
-------+----------+-------------------------------------------
     0 | D:1      | safid the Minotaur Hunter began the quest for the Orb.
     0 | D:1      | Reached XP level 1. HP: 18/18 MP: 0/0
    82 | D:1      | Found Bogreume's Weapon Shop.
   108 | D:1      | Found a faded altar of an unknown god.
   116 | D:1      | Reached XP level 2. HP: 26/26 MP: 1/1
   166 | D:1      | Found Vianoss's Weapon Boutique.
   811 | D:2      | Reached skill level 5 in Ranged Weapons
   811 | D:2      | Reached XP level 3. HP: 31/31 MP: 2/2
  1081 | D:2      | Noticed Robin
  1086 | D:2      | Killed Robin
  1087 | D:2      | Reached XP level 4. HP: 40/40 MP: 3/3
  1220 | D:2      | Found Quowkicu's Magic Scroll Shoppe.
  1230 | D:2      | Bought a scroll of identify for 26 gold pieces
  1644 | D:3      | Found a runed translucent door.
  1647 | D:3      | Noticed kamileon1's ghost (amateur FoTm)
  1814 | D:3      | Reached XP level 5. HP: 47/47 MP: 4/4
  1835 | D:3      | Found a glowing drain.
  1842 | Sewer    | Entered a sewer
  1871 | Sewer    | Reached skill level 5 in Fighting
  1921 | Sewer    | Reached skill level 6 in Ranged Weapons
  2047 | Sewer    | Slain by a river rat

Illustrated notes

Levels and vault maps discovered:
D:1:      dpeg_arrival_erosion, layout_basic, serial_shops, shop,
          nicolae_shop_trees, shapermc_ecumenical_altar_mp_ritualfount,
          minmay_misc_feat_rugged
D:2:      layout_basic, serial_shops, nicolae_shop_competitors_out_of_business,
          kennysheep_generic_room_11, uniq_robin
D:3:      layout_loops_ring, fedhas_altar_fruit_tree, serial_glass,
          glass_columns_a, glass_columns_c, lightli_sewer_entry_pipes,
          serial_shops, shop, ebering_ghost_sewer_f, serial_bayou_pond_e,
          serial_park_tiny_2
Sewer:    sewer_fruit_machine

Skill      XL: |  1  2  3  4  5 |
---------------+----------------+-----
Fighting       | 3 4 5 |  5.3
Ranged Weapons | 5 6 |  6.2
Dodging        | |  2.1
Stealth        | |  0.7

Action                   |  1- 3 |  4- 6 || total
-------------------------+-------+-------++-------
 Fire: Shortbow          |    87 |   118 ||   205
Armor: Leather armour    |     2 |    14 ||    16
Dodge: Dodged            |    16 |    33 ||    49
